 Dungeon Crawl Stone Soup version 0.23.0-3-gf3c87f2 (webtiles) character file.

Game seed: 5024657741526128119

43 misha the Poker (level 3, -1/28 HPs)
             Began as a Merfolk Gladiator on Feb 23, 2019.
             Slain by a jackal (2 damage)
             ... on level 1 of the Dungeon.
             The game lasted 00:02:25 (1004 turns).

misha the Poker (Merfolk Gladiator)                 Turns: 1004, Time: 00:02:26

Health: -1/28      AC:  3    Str: 15    XL:     3   Next: 58%
Magic:  3/3        EV: 15    Int:  7    God:
Gold:   19         SH:  0    Dex: 15    Spells: 2/2 levels left

rFire    . . .     SeeInvis .   b - +1 dagger (flame)
rCold    . . .     Gourm    .   (no shield)
rNeg     + . .     Faith    .   h - +0 robe {rN+}
rPois    .         Spirit   .   c - +0 helmet
rElec    .         Reflect  .   (no cloak)
rCorr    .         Harm     .   (no gloves)
MR       .....                  (no boots)
Stlth    +.........             (no amulet)
HPRegen  0.09/turn              (no ring)
MPRegen  0.08/turn              (no ring)

@: no status effects
A: change form in water, swift swim, stealthy swim
a: no special abilities


You were on level 1 of the Dungeon.
You were not hungry.

You visited 1 branch of the dungeon, and saw 2 of its levels.

You collected 19 gold pieces.

Inventory:

Hand Weapons
 a - a +0 trident
 b - a +1 dagger of flaming (weapon)
Missiles
 d - 3 throwing nets (quivered)
Armour
 c - a +0 helmet (worn)
 h - a +0 robe of positive energy (worn)
 t - a +0 leather armour
Jewellery
 j - an uncursed ring of poison resistance {unknown}
 k - a cursed ring of attention {unknown}
 m - an uncursed amulet of the acrobat {unknown}
 r - an uncursed amulet of rage {unknown}
Scrolls
 i - a scroll of identify {unknown}
 l - a scroll of remove curse {unknown}
 p - 2 scrolls of teleportation {unknown}
 q - a scroll of fog {unknown}
 s - a scroll of enchant armour {unknown}
Potions
 e - 3 potions of curing {unknown}
 g - a potion of haste {unknown}
 n - a potion of mutation {unknown}
 o - a potion of heal wounds {unknown}
Comestibles
 f - 3 rations


   Skills:
 + Level 2.5 Fighting
 + Level 0.2 Short Blades
 + Level 5.6 Polearms
 - Level 2.1 Throwing
 - Level 4.6 Dodging


You had 2 spell levels left.
You didn't know any spells.
Your spell library was empty.

Dungeon Overview and Level Annotations

Branches:
Dungeon (2/15)

Altars:

Annotations:
D:2 Jessica


Message History

The jackal barely misses you.
You hit the jackal. You burn the jackal.
The jackal is severely wounded.
The hobgoblin hits you but does no damage.
The jackal bites you but does no damage.
You miss the jackal.
The jackal is severely wounded.
The jackal closely misses you. The hobgoblin completely misses you.
The jackal barely misses you.
You barely miss the jackal.
The jackal is severely wounded.
The hobgoblin misses you. The jackal barely misses you.
You closely miss the jackal.
The jackal is severely wounded.
The jackal closely misses you.
The hobgoblin hits you but does no damage.
You closely miss the jackal.
The jackal is severely wounded.
The jackal bites you.
You die...

#.###.#########..##
#.# #.# #.# #..# #.#
.####†# #####..####
#.# .#....#
#.........# #.#
#####.#####.####.##.#
#.# #...........#
#.##.# #.#
#.###.####..# #h##.#
#.# #.#
#.####..####g##.# #.#
#.# #..........h@##.#
#.# #.#
#.####..#######.# #.#
#.# #....[..# #####.#
#.# #.# ######.##
#.....# ###.# #.# #.#
#.##### #...# #.# #.#
#.# #.###
#.########.####.#####
#.#
#................)..#
#.#
###########.........#
#.#


You could see 2 jackals and a hobgoblin.

Vanquished Creatures
  A worm (D:1)
  5 dart slugs (D:1)
  A leopard gecko (D:1)
  3 goblins (D:1)
  8 hobgoblins (D:1)
  3 jackals (D:1)
  A quokka (D:1)
  A bat (D:1)
  A frilled lizard (D:1)
  2 kobolds (D:1)
26 creatures vanquished.

Notes
Turn   | Place    | Note
-------+----------+-------------------------------------------
     0 | D:1      | misha the Merfolk Gladiator began the quest for the Orb.
     0 | D:1      | Reached XP level 1. HP: 16/16 MP: 1/1
    76 | D:1      | Reached XP level 2. HP: 22/22 MP: 2/2
   399 | D:1      | Reached skill level 5 in Polearms
   481 | D:1      | Reached XP level 3. HP: 27/28 MP: 3/3
   980 | D:2      | Noticed Jessica
   999 | D:1      | HP: 1/28 [hobgoblin (3)]
  1004 | D:1      | Slain by a jackal

Skill      XL: |  1  2 |
---------------+-------+-----
Polearms       | 5 |  5.6
Fighting       | |  2.5
Short Blades   | |  0.2
Throwing       | |  2.1
Dodging        | |  4.6

Action                   || total
-------------------------++-------
Melee: Trident           ||    64
       Dagger            ||    31
 Stab: Sleeping          ||     2
Armor: Leather armour    ||     2
       Robe              ||    13
Dodge: Dodged            ||    74
